 Dungeon Crawl Stone Soup version 0.29-a0-319-gad05b8d819 (webtiles) character file.

Game seed: 11646165187548709966

11 GigaChad the Slasher (level 2, -1/24 HPs)
             Began as a Human Cinder Acolyte on Apr 1, 2022.
             Was a High Priest of Ignis.
             Slain by a jackal (3 damage)
             ... on level 1 of the Dungeon.
             The game lasted 00:01:54 (321 turns).

GigaChad the Slasher (Human Cinder Acolyte)          Turns: 321, Time: 00:01:54

Health: -1/24      AC:  3    Str: 14    XL:     2   Next: 35%
Magic:  3/3        EV: 11    Int: 14    God:    Ignis [*****.]
Gold:   0          SH:  0    Dex:  8    Spells: 3/3 levels left

rFire   + . .      SeeInvis .   a - -1 falchion (flame)
rCold   . . .      Faith    .   (no shield)
rNeg    . . .      Spirit   .   c - +0 leather armour
rPois   .          Reflect  .   (no helmet)
rElec   .          Harm     .   (no cloak)
rCorr   .          Rampage  .   (no gloves)
Will    .....                   (no boots)
Stlth   +.........              (no amulet)
HPRegen 0.08/turn               (no ring)
MPRegen 0.08/turn               (no ring)

@: weak-willed
A: no striking features
a: Renounce Religion, Fiery Armour, Foxfire Swarm, Rising Flame


You were on level 1 of the Dungeon.
You worshipped Ignis.
Ignis was extremely pleased with you.
You visited 1 branch of the dungeon, and saw 1 of its levels.

Inventory:

Hand Weapons
 a - a -1 falchion of flaming (weapon)
Armour
 b - a +0 robe
 c - a +0 leather armour (worn)
Potions
 d - a potion of brilliance {unknown}


   Skills:
 + Level 3.2 Fighting
 + Level 3.3 Long Blades
 + Level 1.0 Spellcasting
 + Level 3.1 Fire Magic


You had 3 spell levels left.
You didn't know any spells.
Your spell library contained the following spells:

 Spells                   Type           Power      Damage    Failure   Level
 Scorch                   Fire           18%        2d6       14%         2


Dungeon Overview and Level Annotations

Branches:
Dungeon (1/15)

Altars:


Message History

The jackal bites you.
The jackal bites you but does no damage.
The rat closely misses you.
The frilled lizard bites you but does no damage.
The jackal barely misses you.
Things that are here:
a +0 dagger; a jackal corpse You closely miss the frilled lizard.
The rat bites you but does no damage. The frilled lizard closely misses you.
The jackal misses you.
You miss the frilled lizard. The jackal barely misses you.
The rat barely misses you. The frilled lizard barely misses you.
The jackal closely misses you. The frilled lizard barely misses you.
The rat bites you but does no damage.
You miss the frilled lizard.
The jackal bites you but does no damage.
The rat bites you. The frilled lizard bites you.
The jackal bites you but does no damage.
You miss the frilled lizard. The jackal barely misses you.
The frilled lizard closely misses you. The rat barely misses you.
You miss the frilled lizard. The jackal barely misses you.
The frilled lizard bites you but does no damage.
The rat bites you. The jackal bites you.
You hit the frilled lizard. You burn the frilled lizard.
You kill the frilled lizard!
The jackal bites you. The rat barely misses you. The jackal barely misses you.
The rat bites you. The jackal bites you.
* * * LOW HITPOINT WARNING * * *
You see here a frilled lizard corpse.
The rat closely misses you. The jackal closely misses you.
The rat barely misses you. The jackal bites you.
* * * LOW HITPOINT WARNING * * *
The rat barely misses you. The jackal bites you.
* * * LOW HITPOINT WARNING * * *
You closely miss the jackal. The jackal barely misses you. The rat bites you.
* * * LOW HITPOINT WARNING * * *
You closely miss the jackal.
The jackal bites you but does no damage.
The rat closely misses you. The jackal bites you.
You die...

.... .# ... .# #.# .#
##.##.# ......# #.
##.#### #.. ####
..†########.. ..#
###.......#..###.######
#.#####.#.#...@.....#
#.# ........rh#.##.#
#.##.##.#.##......#
###.......#..)†.....#
#...##.####......##.#
#.#....# ##.##.......
..#...## #.####...###
#####.# ###.### .#...
..#...# #.....# .#####


You could see a jackal and a rat.

Vanquished Creatures
  A dart slug (D:1)
  An endoplasm (D:1)
  A hobgoblin (D:1)
  A jackal (D:1)
  A quokka (D:1)
  A bat (D:1)
  2 frilled lizards (D:1)
  A rat (D:1)
9 creatures vanquished.

Notes
Turn   | Place    | Note
-------+----------+-------------------------------------------
     0 | D:1      | GigaChad the Human Cinder Acolyte began the quest for the
                  | Orb.
     0 | D:1      | Reached XP level 1. HP: 18/18 MP: 2/2
   222 | D:1      | Reached XP level 2. HP: 20/24 MP: 3/3
   321 | D:1      | Slain by a jackal

Illustrated notes

Levels and vault maps discovered:
D:1:      ncdulo_smallfort, layout_loops_cross, serial_shops,
          nicolae_shop_hallway_plus, shop, shop, columned_hall_lemuel,
          chequers_serial_rivers_micro_e, minmay_misc_feat_five

Action                   || total
-------------------------++-------
Melee: Falchion          ||    32
  Use: Scroll            ||     1
Armor: Leather armour    ||    29
Dodge: Dodged            ||    52

Table legend: (Time is in decaauts)
 A = Elapsed time spent in this place.
 B = Non-inter-level travel time spent in this place.
 C = Inter-level travel time spent in this place.
 D = Time resting spent in this place.
 E = Time spent auto-exploring this place.
 F = Levels seen in this place.
 G = Mean time per level.
                   A        B        C        D        E       F      G
               +--------+--------+--------+--------+--------+-----+--------+
         Total |    325 |    304 |     21 |      0 |      3 |   1 |  325.0 |
       Dungeon |    325 |    304 |     21 |      0 |      3 |   1 |  325.0 |
               +--------+--------+--------+--------+--------+-----+--------+

Top non-repeatable levels by time:
     D:1: 325 daAuts
